AoeStats
← AI

Arena

510337682Analyzed
4v4 RM · 2d ago on Sep 30, 2026· 53m 42s· 8 players
Game mode
Random Map
Map size
Large (8 player)
Population
200
Speed
Normal
Resources
Standard
Victory
Conquest
Starting age
Dark Age
Ending age
Imperial Age
RankedLock teamsTeams togetherTeam positionsShared explorationLock speedFull tech treeHidden civsTurbo modeCheats
Victory
Defeat
🇲🇽 Malay · Mexico
808
+16
🇩🇪 Japanese · Germany
806
+16
🇨🇳 Turks · China
804
+16
🇦🇺 Spanish · Australia
783
+17
🇬🇧 Britons · United Kingdom
831
-18
🇫🇷 Burmese · France
811
-16
🇺🇸 Portuguese · United States
810
-37
🇦🇷 Mongols · Argentina
771
-15
Silver
0:30 Loom
11:06 Feudal Age
13:05 Wheelbarrow
12:28 Double-Bit Axe
13:34 Horse Collar
14:21 Gold Mining
14:24 Stone Mining
19:35 Castle Age
20:39 Stone Shaft Mining
22:25 Heavy Plow
22:55 Bow Saw
29:13 Imperial Age
27:26 Squires
27:22 Arson
28:02 Treadmill Crane
28:40 Forging
29:25 Hand Cart
32:43 Forced Levy
32:24 Pikeman
32:25 Man-at-Arms
33:34 Ballistics
33:13 Murder Holes
33:39 Ballistics
33:47 Conscription
35:04 Gold Shaft Mining
33:58 Long Swordsman
35:53 Iron Casting
35:00 Capped Ram
36:38 Crop Rotation
37:17 Chemistry
36:55 Two-Handed Swordsman
38:12 Town Watch
38:36 Halberdier
38:40 Heavy Scorpion
42:45 Masonry
DonLeberkaso
9:32 Feudal Age
15:51 Castle Age
14:03 Loom
14:25 Double-Bit Axe
14:23 Horse Collar
15:17 Scale Mail Armor
25:12 Town Watch
26:52 Chain Mail Armor
32:47 Forging
40:26 Imperial Age
38:28 Bow Saw
38:22 Heavy Plow
39:33 Wheelbarrow
41:44 Plate Mail Armor
41:52 Iron Casting
41:39 Conscription
42:25 Squires
42:11 Arson
42:00 Elite Samurai
43:15 Fletching
44:20 Fortified Wall
45:26 Ballistics
45:17 Bodkin Arrow
46:29 Capped Ram
50:34 Blast Furnace
49:36 Bracer
54:02 Chemistry
Noob
10:07 Feudal Age
10:37 Horse Collar
10:43 Double-Bit Axe
12:36 Wheelbarrow
17:41 Bloodlines
22:41 Castle Age
25:20 Heavy Plow
25:23 Husbandry
26:39 Bow Saw
40:00 Ballistics
42:20 Imperial Age
41:39 Hand Cart
42:29 Fletching
42:39 Padded Archer Armor
43:34 Conscription
44:33 Chemistry
43:30 Elite Conquistador
46:30 Bodkin Arrow
46:51 Leather Archer Armor
50:29 Bracer
50:59 Ring Archer Armor
AI
10:45 Feudal Age
15:56 Castle Age
14:34 Double-Bit Axe
14:51 Horse Collar
18:17 Bow Saw
21:12 Heavy Plow
24:45 Wheelbarrow
23:56 Loom
24:56 Wheelbarrow
29:11 Imperial Age
27:43 Hand Cart
28:41 Padded Archer Armor
31:57 Gold Mining
32:20 Fletching
34:11 Conscription
34:13 Town Watch
34:46 Leather Archer Armor
37:12 Artillery
38:35 Husbandry
38:46 Bloodlines
39:49 Ballistics
39:03 Elite Janissary
42:56 Ring Archer Armor
julusss51
0:38 Loom
13:10 Feudal Age
18:25 Castle Age
17:07 Horse Collar
22:20 Heavy Plow
26:59 Scale Mail Armor
27:44 Forging
27:50 Chain Mail Armor
27:00 Man-at-Arms
27:56 Long Swordsman
28:37 Squires
28:23 Arson
28:24 Gambesons
30:10 Iron Casting
30:13 Gold Mining
33:44 Imperial Age
33:09 Wheelbarrow
33:46 Two-Handed Swordsman
35:31 Blast Furnace
34:37 Scale Barding Armor
35:10 Plate Mail Armor
34:29 Capped Ram
34:32 Champion
38:38 Conscription
38:52 Fortified Wall
46:49 Manipur Cavalry
DARLIIIIIIIIIIIIIING
8:29 Loom
13:53 Feudal Age
19:13 Castle Age
17:12 Double-Bit Axe
24:00 Imperial Age
22:36 Bow Saw
22:08 Horse Collar
24:19 Gold Mining
24:19 Stone Mining
24:26 Stone Mining
26:46 Chemistry
33:40 Elite Organ Gun
37:31 Fletching
tasiopicollo
9:07 Feudal Age
7:24 Loom
9:37 Double-Bit Axe
10:08 Horse Collar
20:18 Castle Age
18:59 Fletching
22:04 Bow Saw
23:16 Wheelbarrow
23:16 Bodkin Arrow
24:18 Husbandry
26:26 Ballistics
26:02 Pikeman
Sneaky Brit
4:33 Loom
11:37 Feudal Age
12:06 Horse Collar
12:13 Double-Bit Axe
20:34 Castle Age
19:16 Stone Mining
21:41 Bow Saw
21:33 Heavy Plow
23:27 Gold Mining
24:21 Pikeman
32:02 Fletching
32:13 Padded Archer Armor
35:12 Imperial Age
33:20 Wheelbarrow
35:39 Bodkin Arrow
35:59 Leather Archer Armor
36:09 Ballistics
36:44 Halberdier
38:18 Squires
47:20 Chemistry
47:49 Elite Skirmisher
Connection lost

Rejoining the realm…

Still unreachable

The connection could not be restored.

Session expired

The server has moved on; the page needs a fresh start.